 Dungeon Crawl Stone Soup version 0.26-a0-540-g8a0c9464d7 (webtiles) character file.

Game seed: 2098709829214908428

30 Inarius the Skirmisher (level 3, 18/30 HPs)
             Began as a Mummy Wanderer on Aug 23, 2020.
             Safely got out of the dungeon.
             The game lasted 00:00:52 (820 turns).

Inarius the Skirmisher (Mummy Wanderer)              Turns: 820, Time: 00:00:52

Health: 18/30      AC:  2    Str: 14    XL:     3   Next: 5%
Magic:  3/3        EV: 12    Int: 13    God:
Gold:   32         SH:  0    Dex: 11    Spells: 2/2 levels left

rFire    x . .     SeeInvis .   a - +2 dagger
rCold    + . .     Faith    .   (no shield)
rNeg     + + +     Spirit   .   e - +0 robe
rPois    ∞         Reflect  .   (no helmet)
rElec    .         Harm     .   (no cloak)
rCorr    .                      (no gloves)
MR       .....                  (no boots)
Stlth    +.........             (no amulet)
HPRegen  0.10/turn              (no ring)
MPRegen  0.08/turn              (no ring)

@: no status effects
A: no potions, fire vulnerability, cold resistance 1, negative energy resistance
3, torment resistance, unbreathing
a: no special abilities


You escaped.
You visited 1 branch of the dungeon, and saw 1 of its levels.

You collected 32 gold pieces.

Inventory:

Hand Weapons
 a - a +2 dagger (weapon)
 c - a +0 short sword
 d - a +0 spear
Missiles
 i - 5 silver javelins (quivered)
Armour
 e - a +0 robe (worn)
Scrolls
 b - a scroll of blinking
 f - a scroll of remove curse {unknown}
 g - 2 scrolls of fear {unknown}
 h - a scroll of identify {unknown}
 j - a scroll of amnesia {unknown}


   Skills:
 + Level 3.7 Fighting
 + Level 0.9 Short Blades
 - Level 2.4 Polearms
 * Level 0.1 Armour
 - Level 1.3 Dodging
 - Level 1.0 Stealth
   Level 1.0 Shields
   Level 1.0 Evocations


You had 2 spell levels left.
You didn't know any spells.
Your spell library was empty.

Dungeon Overview and Level Annotations

Branches:
Dungeon (1/15)

Altars:


Innate Abilities, Weirdness & Mutations

You do not drink.
Your flesh is vulnerable to fire.
You are immune to poison.
Your flesh is cold resistant. (rC+)
You are immune to negative energy. (rN+++)
You are immune to unholy pain and torment.
You can survive without breathing.


Message History

You hit the kobold.
You kill the kobold!
Things that are here:
a kobold corpse; a rat corpse
Things that are here:
a cursed -2 club; a goblin corpse
Items here: )) ÷÷.
Things that are here:
a +0 club; a hobgoblin skeleton You open the door.
There is an open door here.
There is a staircase leading out of the dungeon here.
Are you sure you want to leave the Dungeon?
This will make you lose the game!
Alright, then stay!
Unknown command.
Unknown command.
Unknown command.
You can't go down here!
Are you sure you want to leave the Dungeon?
This will make you lose the game!
You have escaped!

#...# #.#.###.#....
###...### #.#.#
#.##### #.......#
#.### #.#
####.......####.# #.#
#.............#.# #.#
#......⌠......+.# #..
#.............#(# ###
# ####.......####.#
#### #......@# #.#
...## ###...### #.#
##..## #...# #.#
##..## #...# #.#
##..#######'#######.#
##...).)......)....#
##.################
#.# #.#


There were no monsters in sight!

Vanquished Creatures
  2 dart slugs (D:1)
  A ball python (D:1)
  A bat (D:1)
  5 goblins (D:1)
  4 hobgoblins (D:1)
  5 jackals (D:1)
  A kobold (D:1)
  A frilled lizard (D:1)
  A rat (D:1)
21 creatures vanquished.

Notes
Turn   | Place    | Note
-------+----------+-------------------------------------------
     0 | D:1      | Inarius the Mummy Wanderer began the quest for the Orb.
     0 | D:1      | Inarius set off with the following items: a +2 dagger, a
                  | scroll of blinking, a +0 short sword, a +0 spear, a +0 robe
     0 | D:1      | Reached XP level 1. HP: 18/18 MP: 1/1
   396 | D:1      | Reached XP level 2. HP: 23/24 MP: 2/2
   775 | D:1      | Reached XP level 3. HP: 24/30 MP: 3/3
   820 | D:$      | Safely got out of the dungeon.

Illustrated notes

Levels and vault maps discovered:
D:1:      minmay_arrival_cross, layout_basic

Action                   || total
-------------------------++-------
Melee: Dagger            ||   105
Armor: Robe              ||    19
Dodge: Dodged            ||    69

Table legend: (Time is in decaauts)
 A = Elapsed time spent in this place.
 B = Non-inter-level travel time spent in this place.
 C = Inter-level travel time spent in this place.
 D = Time resting spent in this place.
 E = Time spent auto-exploring this place.
 F = Levels seen in this place.
 G = Mean time per level.
                   A        B        C        D        E       F      G
               +--------+--------+--------+--------+--------+-----+--------+
         Total |    818 |    791 |     27 |    271 |    318 |   1 |  818.0 |
       Dungeon |    818 |    791 |     27 |    271 |    318 |   1 |  818.0 |
               +--------+--------+--------+--------+--------+-----+--------+

Top non-repeatable levels by time:
     D:1: 818 daAuts
